 Dungeon Crawl Stone Soup version 0.28-a0-769-g550dbda0cd (webtiles) character file.

Game seed: 15808499538734440970

84 cheechan the Sneak (level 4, -4/44 HPs)
             Began as a Naga Monk on Oct 31, 2021.
             Slain by a bullfrog skeleton (5 damage)
             ... on level 4 of the Dungeon.
             The game lasted 00:08:06 (2142 turns).

cheechan the Sneak (Naga Monk)                      Turns: 2142, Time: 00:08:07

Health: -4/44      AC:  3    Str: 14    XL:     4   Next: 46%
Magic:  4/4        EV: 14    Int: 10    God:
Gold:   112        SH:  3    Dex: 14    Spells: 3/3 levels left

rFire   . . .      SeeInvis +   a - +0 spear
rCold   . . .      Faith    .   j - +0 buckler
rNeg    . . .      Spirit   .   b - +0 robe
rPois   +          Reflect  .   f - +0 helmet
rElec   .          Harm     .   (no cloak)
rCorr   .          Rampage  .   (no gloves)
Will    .....                   (no barding)
Stlth   ++........              (no amulet)
HPRegen 0.14/turn               g - +4 ring of evasion
MPRegen 0.09/turn               (no ring)

@: very slow
A: AC +1, large, see invisible, deformed body, poison resistance, slowness 2,
spit poison 1, naga tail 1
a: Spit Poison


You were on level 4 of the Dungeon.
You visited 1 branch of the dungeon, and saw 4 of its levels.

You collected 112 gold pieces.

Inventory:

Hand Weapons
 a - a +0 spear (weapon)
 c - a +0 spear
Missiles
 d - 65 stones
 e - 21 arrows
 i - 29 bolts
Armour
 b - a +0 robe (worn)
 f - a +0 helmet (worn)
 j - a +0 buckler (worn)
Jewellery
 g - a +4 ring of evasion (left hand)
Scrolls
 k - a scroll of blinking
Potions
 h - a potion of haste
 l - a potion of lignification {unknown}
 m - a potion of berserk rage {unknown}


   Skills:
 + Level 3.8 Fighting
 + Level 3.7 Polearms
 + Level 2.8 Dodging
 + Level 3.9 Stealth
 + Level 0.1 Shields


You had 3 spell levels left.
You didn't know any spells.
Your spell library was empty.

Dungeon Overview and Level Annotations

Branches:
Dungeon (4/15)
 Temple: D:4-7

Altars:

Shops:
D:4 =


Innate Abilities, Weirdness & Mutations

Your serpentine skin is tough. (AC +1)
You have supernaturally acute eyesight. (SInv)
Armour fits poorly on your strangely shaped body.
Your system is resistant to poisons. (rPois)
You cover ground very slowly.
You can spit poison.
You have a snake-like lower body.


Message History

You hit the hobgoblin.
You kill the hobgoblin!
The bullfrog skeleton closely misses you.
The bullfrog skeleton barely misses you.
You block the bullfrog skeleton's attack.
You see here a hobgoblin corpse.
The bullfrog skeleton misses you.
The bullfrog skeleton closely misses you.
The bullfrog skeleton hits you.
* * * LOW HITPOINT WARNING * * *
You hit the bullfrog skeleton.
The bullfrog skeleton is lightly damaged.
The bullfrog skeleton hits you.
* * * LOW HITPOINT WARNING * * *
You hit the bullfrog skeleton.
The bullfrog skeleton is lightly damaged.
The bullfrog skeleton hits you but does no damage.
You hit the bullfrog skeleton.
The bullfrog skeleton is moderately damaged.
You block the bullfrog skeleton's attack.
You hit the bullfrog skeleton.
The bullfrog skeleton is heavily damaged.
The bullfrog skeleton hits you.
* * * LOW HITPOINT WARNING * * *
The bullfrog skeleton closely misses you.
You hit the bullfrog skeleton but do no damage.
The bullfrog skeleton is heavily damaged.
You block the bullfrog skeleton's attack.
You hit the bullfrog skeleton.
The bullfrog skeleton is heavily damaged.
The bullfrog skeleton hits you.
* * * LOW HITPOINT WARNING * * *
You hit the bullfrog skeleton but do no damage.
The bullfrog skeleton is heavily damaged.
The bullfrog skeleton completely misses you.
The bullfrog skeleton misses you.
You barely miss the bullfrog skeleton.
The bullfrog skeleton is heavily damaged.
The bullfrog skeleton hits you.
You die...

####...>.##
######[.......## ...#.$.##.
#.......##.....###.........
.......#..................#
..........................#
...#.#.∩.#................#
#. #.....................
##...####................
#.... #..)..@Z†........
#...... #.#..............
#...... ........####...###
..................# #...#
..................# .....
........#.........# ....
............## ...
..##........# ...


You could see a bullfrog skeleton.

Vanquished Creatures
  A centaur zombie (D:4)
  3 adders (D:2)
  2 ball pythons (D:1)
  3 endoplasms
  A giant cockroach (D:3)
  4 hobgoblins
  A kobold (D:1)
  2 quokkas
  7 bats
  A frilled lizard (D:1)
  2 rats
27 creatures vanquished.

Notes
Turn   | Place    | Note
-------+----------+-------------------------------------------
     0 | D:1      | cheechan the Naga Monk began the quest for the Orb.
     0 | D:1      | Reached XP level 1. HP: 21/21 MP: 1/1
   384 | D:1      | Reached XP level 2. HP: 27/28 MP: 2/2
   724 | D:2      | HP: 1/28 [poisoned by an adder]
  1051 | D:2      | Reached XP level 3. HP: 30/34 MP: 3/3
  2073 | D:4      | Found Usyroy's Jewellery Emporium.
  2094 | D:4      | Reached XP level 4. HP: 36/44 MP: 4/4
  2140 | D:4      | HP: 1/44 [bullfrog skeleton (3)]
  2142 | D:4      | Slain by a bullfrog skeleton

Illustrated notes

Levels and vault maps discovered:
D:1:      dpeg_arrival_circle_labyrinth_c, layout_loops_ring
D:2:      layout_loops_ring
D:3:      layout_basic, grunt_ministairs_15
D:4:      cheibrodos_fertilizer, layout_cave_pools, serial_shops,
          nicolae_shop_stone, kennysheep_crisscross

Action                   |  1- 3 |  4- 6 || total
-------------------------+-------+-------++-------
Melee: Spear             |   107 |    21 ||   128
 Abil: Spit Poison       |     5 |       ||     5
  Use: Scroll            |     4 |       ||     4
 Stab: Sleeping          |     5 |       ||     5
Armor: Robe              |    30 |     4 ||    34
Dodge: Dodged            |   107 |    23 ||   130
Block: Buckler           |     7 |     8 ||    15

Table legend: (Time is in decaauts)
 A = Elapsed time spent in this place.
 B = Non-inter-level travel time spent in this place.
 C = Inter-level travel time spent in this place.
 D = Time resting spent in this place.
 E = Time spent auto-exploring this place.
 F = Levels seen in this place.
 G = Mean time per level.
                   A        B        C        D        E       F      G
               +--------+--------+--------+--------+--------+-----+--------+
         Total |   2803 |   2803 |      0 |    291 |      0 |   4 |  700.8 |
       Dungeon |   2803 |   2803 |      0 |    291 |      0 |   4 |  700.8 |
               +--------+--------+--------+--------+--------+-----+--------+

Top non-repeatable levels by time:
     D:2: 1191 daAuts
     D:1: 870 daAuts
     D:3: 631 daAuts
     D:4: 109 daAuts
